 Dungeon Crawl Stone Soup version 0.22.1-1-ga44c0e56f4 (webtiles) character file.

10807 Knicklaso the Carver (level 11, -10/106 HPs)
             Began as a Tengu Berserker on Sept 27, 2018.
             Was a High Priest of Trog.
             Mangled by a death yak (12 damage)
             ... on level 1 of the Lair of Beasts.
             The game lasted 00:28:16 (10931 turns).

Knicklaso the Carver (Tengu Berserker)             Turns: 10931, Time: 00:28:16

Health: -10/106    AC: 10    Str: 32    XL:     11   Next: 67%
Magic:  4/4        EV: 13    Int: 10    God:    Trog [*****.]
Gold:   325        SH:  0    Dex: 16    Spells: 10/10 levels left

rFire    . . .     SeeInvis .   a - +8 long sword "Zourir" {antimagic, *Corrode Str+8 Int+3}
rCold    . . .     Gourm    .   (no shield)
rNeg     . . .     Faith    .   u - +0 plate armour
rPois    .         Spirit   .   (helmet restricted)
rElec    .         Reflect  .   (no cloak)
rCorr    .         Harm     .   (no gloves)
MR       .....                  (boots unavailable)
Stlth    ..........             (no amulet)
HPRegen  0.27/turn              (no ring)
MPRegen  0.09/turn              (no ring)

@: berserking, very quick
A: beak, talons 3, able to fly 1
a: Fly, Berserk, Trog's Hand, Brothers in Arms, Renounce Religion


You were on level 1 of the Lair of Beasts.
You worshipped Trog.
Trog was extremely pleased with you.
You were not hungry.

You visited 2 branches of the dungeon, and saw 10 of its levels.

You collected 537 gold pieces.
You spent 212 gold pieces at shops.

Inventory:

Hand Weapons
 a - the +8 long sword "Zourir" (weapon) {antimagic, *Corrode Str+8 Int+3}
   (You bought it in a shop on level 6 of the Dungeon)

   It reduces the magical energy of the wielder, and disrupts the spells and
   magical abilities of those hit.
   Natural abilities and divine invocations are not affected.
   It affects your strength (+8).
   It affects your intelligence (+3).
   It may corrode you when you take damage.
 b - a +2 shortbow of freezing
 r - a +0 dagger of draining
Missiles
 C - 155 arrows
Armour
 u - a +0 plate armour (worn)
Jewellery
 n - an uncursed ring of ice {unknown}
 o - a +6 ring of dexterity {unknown}
 A - an uncursed ring of stealth {unknown}
 E - a cursed amulet of inaccuracy {unknown}
 N - an uncursed ring of protection from cold {unknown}
Wands
 y - a wand of random effects (19)
 z - a wand of paralysis (21)
 I - a wand of disintegration (10)
Scrolls
 e - 2 scrolls of noise {unknown}
 f - 3 scrolls of fear {unknown}
 g - 3 scrolls of enchant armour {unknown}
 h - 5 scrolls of remove curse {unknown}
 j - 2 scrolls of blinking {unknown}
 l - 11 scrolls of identify {unknown}
 m - a scroll of enchant weapon {unknown}
 p - a scroll of fog {unknown}
 s - 7 scrolls of teleportation {unknown}
 v - 4 scrolls of amnesia {unknown}
 w - a scroll of brand weapon {unknown}
 D - a scroll of magic mapping {unknown}
 G - a scroll of immolation {unknown}
 H - a scroll of silence {unknown}
 K - a scroll of holy word {unknown}
Potions
 d - 10 potions of curing
 i - 4 potions of heal wounds {unknown}
 k - 3 potions of flight {unknown}
 q - 2 potions of might {unknown}
 t - 2 potions of lignification {unknown}
 x - 2 potions of magic {unknown}
 B - a potion of berserk rage {unknown}
 F - 2 potions of agility {unknown}
 M - 2 potions of haste
 O - 2 potions of ambrosia {unknown}
Miscellaneous
 J - a box of beasts
Comestibles
 c - 19 rations


   Skills:
 + Level 9.0 Fighting
 * Level 13.0 Long Blades
 + Level 7.3 Bows
 - Level 2.1 Armour
 + Level 9.5 Dodging


You had 10 spell levels left.
You didn't know any spells.
Your spell library was empty.

Dungeon Overview and Level Annotations

Branches:
Dungeon (9/15)             Temple (0/1) D:7            Lair (1/6) D:9
    Orc: D:9-12

Altars:
Ashenzari
Elyvilon
Hepliaklqana
Kikubaaqudgha
Qazlal
Sif Muna
Trog
Uskayaw
Vehumet
Wu Jian
Zin
The Shining One

Shops:
D:6 *   D:7 (


Innate Abilities, Weirdness & Mutations

You have a beak for a mouth.
You have claws for feet.
You can fly.


Message History

You slice the death yak!!
You kill the death yak!
Trog accepts your kill.
Your Fighting skill increases to level 9!
Your Long Blades skill increases to level 13!
The death yak completely misses you.
You slice the death yak!! You claw the death yak.
You peck the death yak, but do no damage.
The death yak is moderately wounded.
The death yak gores you!!
You slash the death yak!
You claw the death yak, but do no damage.
You peck the death yak, but do no damage.
The death yak is heavily wounded.
The death yak gores you!!
* * * LOW HITPOINT WARNING * * *
A red film seems to cover your vision as you go berserk!
You feel yourself moving faster!
You feel mighty!
You feel a lot more hungry. The death yak gores you!
You die...

.......##.##.....##########.#
......P#...##....##......##Y#
......##...##....##.......#.#
.^....##...##....##......#..#
......#....#P....#.......++.#
#..#..##.........##......##Y#
.......##.###.....#......#..##
......#.##.##..Y.#########...#
................@#########..##
.....Y......................#
............................#
####..................†.....#
............................#
...#.............########.(.#
..##....#........#..... #...#
..#.....#.#.#....#..... #...#
.....(......#...........#...#


You could see a death yak.

Vanquished Creatures
  Erica (D:8)
  4 death yaks (Lair:1)
  Psyche (D:8)
  3 spiny frogs (Lair:1)
  A komodo dragon (Lair:1)
  7 blink frogs (Lair:1)
  2 hippogriffs
  Sigmund (D:3)
  5 yaks (D:9)
  2 steam dragons (D:9)
  3 porcupines (D:9)
  5 black bears (D:9)
  An ice beast (D:8)
  An ogre (D:8)
  An orc warrior (D:6)
  2 phantoms
  A sky beast (D:8)
  3 centaurs
  3 crocodiles
  3 big kobolds
  3 bullfrogs
  A wyvern skeleton (D:6)
  5 scorpions
  3 killer bees (D:9)
  4 wights (D:8)
  2 crimson imps
  A gnoll shaman (D:5)
  2 hounds
  3 jellies
  3 orc priests
  Jessica (D:2)
  An iguana (D:9)
  An orc wizard (D:8)
  4 worker ants
  A killer bee zombie (D:7)
  9 gnolls
  11 adders
  5 shadow imps
  An adder zombie (D:7)
  2 adder skeletons
  7 worms
  4 dart slugs
  A leopard gecko (D:3)
  21 orcs
  12 giant cockroaches
  5 goblins
  9 hobgoblins
  17 jackals
  19 kobolds
  4 quokkas
  6 bats
  6 frilled lizards
  A jackal skeleton (D:7)
  A leopard gecko skeleton (D:5)
  A quokka zombie (D:6)
  10 rats
237 creatures vanquished.

Vanquished Creatures (others)
  10 fungi (D:9)
  2 plants (D:9)
12 creatures vanquished.

Grand Total: 249 creatures vanquished

Notes
Turn   | Place    | Note
-------+----------+-------------------------------------------
     0 | D:1      | Knicklaso the Tengu Berserker began the quest for the Orb.
     0 | D:1      | Reached XP level 1. HP: 14/14 MP: 2/2
    58 | D:1      | HP: 1/21 [jackal (3)]
    60 | D:1      | Reached XP level 2. HP: 2/19 MP: 3/3
   747 | D:1      | Reached XP level 3. HP: 23/23 MP: 4/4
   749 | D:1      | Reached skill level 4 in Long Blades
  1021 | D:2      | Reached ** piety under Trog
  1429 | D:2      | Reached XP level 4. HP: 28/28 MP: 5/5
  1609 | D:2      | Noticed Jessica
  1619 | D:2      | Killed Jessica
  1851 | D:2      | Gained mutation: You can fly. [Tengu growth]
  1851 | D:2      | Reached XP level 5. HP: 33/33 MP: 6/6
  2011 | D:2      | Found a deep blue altar of Sif Muna.
  2225 | D:3      | Noticed Sigmund
  2324 | D:4      | Reached skill level 5 in Long Blades
  2364 | D:4      | Found a radiant altar of Vehumet.
  2436 | D:4      | Reached *** piety under Trog
  2513 | D:4      | Reached XP level 6. HP: 38/38 MP: 7/7
  2566 | D:4      | Found a bloodstained altar of Trog.
  3010 | D:5      | Entered Level 5 of the Dungeon
  3046 | D:5      | Reached skill level 6 in Long Blades
  3393 | D:5      | Reached XP level 7. HP: 18/44 MP: 8/8
  3987 | D:6      | Found a glowing silver altar of Zin.
  4034 | D:6      | Found Quoz's Assorted Antiques.
  4141 | D:6      | Bought a dazzling long sword for 212 gold pieces
  4141 | D:6      | Identified the +8 long sword "Zourir" {antimagic, *Corrode
                  | Str+8 Int+3} (You bought it in a shop on level 6 of the
                  | Dungeon)
  4156 | D:6      | Found an ornate altar of the Wu Jian Council.
  4248 | D:6      | Reached skill level 7 in Long Blades
  4582 | D:6      | Reached skill level 5 in Fighting
  4582 | D:6      | Reached skill level 5 in Dodging
  4933 | D:7      | Noticed a dagger
  4933 | D:7      | Noticed a dagger
  4935 | D:7      | Found a hide-covered altar of Uskayaw.
  4945 | D:7      | Reached XP level 8. HP: 32/49 MP: 3/9
  4969 | D:7      | Reached skill level 8 in Long Blades
  5358 | D:3      | Killed Sigmund
  5537 | D:3      | Found a white marble altar of Elyvilon.
  5537 | D:3      | Found a hazy altar of Hepliaklqana.
  5542 | D:3      | Found a faded altar of an unknown god.
  5544 | D:3      | Found a faded altar of an unknown god.
  5545 | D:3      | Found a glowing golden altar of the Shining One.
  5594 | D:3      | Reached **** piety under Trog
  6239 | D:3      | Found a shattered altar of Ashenzari.
  6570 | D:7      | Found Plog's Antique Weapon Boutique.
  6701 | D:7      | Found a staircase to the Ecumenical Temple.
  6798 | D:8      | Reached skill level 1 in Bows
  6868 | D:8      | Reached skill level 9 in Long Blades
  6874 | D:8      | Reached XP level 9. HP: 36/55 MP: 3/10
  7164 | D:8      | Noticed Psyche
  7187 | D:8      | Killed Psyche
  7235 | D:8      | Reached skill level 10 in Long Blades
  7281 | D:8      | Found an ancient bone altar of Kikubaaqudgha.
  7306 | D:8      | Noticed Erica
  7315 | D:8      | Killed Erica
  7447 | D:8      | Reached XP level 10. HP: 63/63 MP: 3/11
  8030 | D:9      | Reached ***** piety under Trog
  8061 | D:9      | Reached skill level 11 in Long Blades
  8189 | D:9      | Found a staircase to the Lair.
  8254 | D:9      | Reached skill level 5 in Bows
  8579 | D:9      | Found an ancient bone altar of Kikubaaqudgha.
  8991 | D:9      | Found a stormy altar of Qazlal.
  9226 | Lair:1   | Entered Level 1 of the Lair of Beasts
  9343 | Lair:1   | Noticed a spiny frog
  9355 | Lair:1   | Killed a spiny frog
  9378 | Lair:1   | Noticed a spiny frog
  9392 | Lair:1   | Killed a spiny frog
  9392 | Lair:1   | Reached skill level 12 in Long Blades
  9460 | Lair:1   | Reached XP level 11. HP: 51/68 MP: 4/12
  9989 | Lair:1   | Noticed a death yak
  9991 | Lair:1   | Noticed a death yak
 10311 | Lair:1   | Killed a death yak
 10526 | Lair:1   | Noticed a death yak
 10526 | Lair:1   | Noticed a death yak
 10576 | Lair:1   | Killed a death yak
 10579 | Lair:1   | Killed a death yak
 10887 | Lair:1   | Noticed a death yak
 10928 | Lair:1   | Killed a death yak
 10928 | Lair:1   | Reached skill level 13 in Long Blades
 10930 | Lair:1   | HP: 1/71 [death yak (21)]
 10931 | Lair:1   | Mangled by a death yak

Skill      XL: |  1  2  3  4  5  6  7  8  9 10 11 |
---------------+----------------------------------+-----
Long Blades    | 4 5 6 7 9 10 12 13 | 13.0
Dodging        | 3 4 5 6 7 8 9 |  9.5
Fighting       | 4 5 6 7 8 9 |  9.0
Bows           | 1 4 6 7 |  7.3
Armour         | |  2.1

Action                   |  1- 3 |  4- 6 |  7- 9 | 10-12 || total
-------------------------+-------+-------+-------+-------++-------
Melee: Falchion          |    70 |   141 |    23 |       ||   234
       Peck              |     7 |    33 |    44 |    36 ||   120
       Kick              |    13 |    52 |    78 |    66 ||   209
       Long sword        |       |       |   146 |   114 ||   260
 Fire: Shortbow          |       |       |       |   103 ||   103
Throw: Stone             |    65 |    54 |       |       ||   119
Invok: Berserk           |     3 |     1 |     4 |     3 ||    11
       Trog's Hand       |       |     2 |     4 |     1 ||     7
 Abil: Fly               |       |     1 |       |     1 ||     2
  Use: Potion            |       |       |     1 |       ||     1
  Eat: Chunk             |     4 |     5 |    15 |     7 ||    31
       Ration            |       |     1 |     1 |     2 ||     4
Armor: Animal skin       |    16 |     4 |       |       ||    20
       Ring mail         |       |     4 |       |       ||     4
       Plate armour      |       |    62 |    77 |    17 ||   156
Dodge: Dodged            |    39 |    65 |    96 |    51 ||   251
       Rpst.: Falchion   |    15 |    16 |     2 |       ||    33
       Long sword        |       |       |    32 |    13 ||    45
